 Dungeon Crawl Stone Soup version 0.27.0-1-g7a089689b8 (webtiles) character file.

Game seed: 8392178055120747596

1900 howech the Twirler (level 8, -12/68 HPs)
             Began as a Minotaur Gladiator on Aug 4, 2021.
             Was a Priest of Zin.
             Shot with a bolt by an orc warrior (18 damage)
             ... in a bailey.
             The game lasted 00:12:46 (6566 turns).

howech the Twirler (Minotaur Gladiator)             Turns: 6566, Time: 00:12:49

Health: -12/68     AC: 12    Str: 24    XL:     8   Next: 93%
Magic:  18/18      EV:  9    Int:  5    God:    Zin [***...]
Gold:   239        SH:  0    Dex: 15    Spells: 7/7 levels left

rFire    . . .     SeeInvis .   a - +0 quarterstaff (flame)
rCold    . . .     Faith    .   (shield currently unavailable)
rNeg     + . .     Spirit   .   q - +1 plate armour
rPois    +         Reflect  .   p - +0 hat of Lugonu's Benevolence {Rampage rPois MP+9 Stlth-}
rElec    .         Harm     .   (no cloak)
rCorr    .         Rampage  +   (no gloves)
Will     .....                  (no boots)
Stlth    ..........             (no amulet)
HPRegen  0.21/turn              e - +6 ring of strength
MPRegen  0.16/turn              g - ring of positive energy

@: no status effects
A: horns 2, retaliatory headbutt, poison resistance
a: Renounce Religion, Recite, Vitalisation, Imprison, Donate Gold


You were in a bailey.
You worshipped Zin.
Zin was most pleased with you.
You visited 1 branch of the dungeon, and saw 7 of its levels.
You also visited: Bailey.

You collected 290 gold pieces.
You spent 22 gold pieces at shops.
You donated 29 gold pieces to Zin.

Inventory:

Hand Weapons
 a - a +0 quarterstaff of flaming (weapon)
 w - a +5 war axe
Missiles
 d - 2 throwing nets
 k - 4 poisoned darts (quivered)
 y - 7 boomerangs
Armour
 b - a +0 leather armour
 c - a +0 hat
 p - the +0 hat of Lugonu's Benevolence (worn) {Rampage rPois MP+9 Stlth-}
   (You found it on level 4 of the Dungeon)

   rPois:     It protects you from poison.
   MP:        It affects your magic capacity (+9).
   Rampage:   It bestows one free step when moving towards enemies.
   Stlth:     It makes you less stealthy.
 q - a +1 plate armour (worn)
Jewellery
 e - a +6 ring of strength (left hand)
 g - a ring of positive energy (right hand)
 z - a ring of protection from fire
 A - a ring of positive energy
Wands
 m - a wand of acid (10)
 r - a wand of charming (12)
 u - a wand of flame (17)
Scrolls
 f - 3 scrolls of identify
 i - 2 scrolls of teleportation
 l - a scroll of enchant armour
Potions
 h - 2 potions of lignification
 j - 3 potions of might
 n - a potion of berserk rage
 o - a potion of mutation
 s - a potion of resistance {unknown}
 t - a potion of curing {unknown}
 v - a potion of brilliance {unknown}
 x - 2 potions of invisibility {unknown}


   Skills:
 + Level 5.2 Fighting
 + Level 4.1 Axes
 * Level 7.7 Staves
 + Level 4.2 Throwing
 + Level 4.2 Armour
 + Level 5.4 Dodging
 + Level 3.4 Invocations
 + Level 3.2 Evocations


You had 7 spell levels left.
You didn't know any spells.
Your spell library contained the following spells:

 Spells                   Type           Power      Damage    Failure   Level
 Corona                   Hex            0%         N/A       100%        1
 Ensorcelled Hibernation  Hex/Ice        0%         N/A       100%        2
 Gell's Gravitas          Tloc           0%         N/A       100%        3
 Teleport Other           Tloc           0%         N/A       100%        3
 Tukima's Dance           Hex            0%         N/A       100%        3
 Dispersal                Tloc           0%         N/A       100%        6


Dungeon Overview and Level Annotations

Branches:
Dungeon (7/15)             Temple (0/1) D:6          Bailey (1/1)

Altars:
Zin

Shops:
D:3 ?


Innate Abilities, Weirdness & Mutations

You have a pair of horns on your head.
You reflexively headbutt those who attack you in melee.
Your system is resistant to poisons. (rPois)


Message History

* * * LOW HITPOINT WARNING * * *
The orc warrior barely misses you.
Found a gate leading back out of this place.
An orc warrior comes into view. It is wielding a +0 arbalest.
Unknown command.
You rampage towards the orc warrior!
You hit the orc warrior but do no damage.
The orc warrior is lightly wounded.
The orc warrior shoots a bolt.
The bolt hits you but does no damage.
Found a +0 trident.
Found a gate leading back out of this place.
You hit the orc warrior. You burn the orc warrior.
The orc warrior is moderately wounded.
The orc warrior hits you but does no damage.
The orc warrior shoots a bolt.
The bolt closely misses you.
The orc warrior shoots a bolt.
The bolt hits you but does no damage.
You hit the orc warrior. You burn the orc warrior.
The orc warrior is moderately wounded.
The orc warrior looks more healthy.
The orc warrior hits you with a +0 halberd.
* * * LOW HITPOINT WARNING * * *
The orc warrior shoots a bolt.
The bolt barely misses you.
The orc knight roars a battlecry!
The orc warriors go into a battle-frenzy!
You closely miss the orc warrior. You headbutt the orc warrior!
The orc warrior is severely wounded.
The orc warrior hits you with a +0 halberd!
* * * LOW HITPOINT WARNING * * *
The orc warrior shoots a bolt.
The bolt hits you but does no damage.
Unknown command.
The orc warrior shoots a bolt.
The bolt hits you.
* * * LOW HITPOINT WARNING * * *
The orc warrior barely misses you.
It was a potion of mutation.
You feel extremely strange. Zin protects your body from mutation!
You feel resistant to poisons.
Zin forgives your inadvertent chaotic act, just this once.
You kill the orc!
The orc warrior shoots a bolt.
The bolt hits you!!
You die...

### ##∩## #@∩.#
#...#
≈≈o≈≈..o....≈≈o
≈.oo≈.(.....≈oo
≈≈.≈≈......o≈≈)≈
.≈≈≈..#...#.(≈≈≈
.....##...##....
##### ##∩## ####
##


You could see 4 orc warriors.

Vanquished Creatures
  Edmund (D:6)
  A water moccasin (D:6)
  An ice beast (D:7)
  3 ogres (D:4)
  A sky beast (D:6)
  3 black bears
  A centaur (D:5)
  A bullfrog (D:6)
  A scorpion (D:6)
  3 wights (D:6)
  A bullfrog zombie (D:5)
  A gnoll shaman (D:4)
  2 hounds
  A bullfrog skeleton (D:6)
  An orc priest (D:6)
  Jessica (D:2)
  Natasha (thrice) (D:2)
  4 iguanas
  3 orc wizards
  4 adders
  3 gnolls (D:4)
  A shadow imp (D:6)
  3 worms
  4 dart slugs
  11 orcs
  4 ball pythons
  7 bats
  4 endoplasms
  2 giant cockroaches (D:3)
  4 hobgoblins
  6 jackals
  2 quokkas (D:2)
  4 frilled lizards
  8 goblins
  6 kobolds
  2 rats (D:2)
108 creatures vanquished.

Notes
Turn   | Place    | Note
-------+----------+-------------------------------------------
     0 | D:1      | howech the Minotaur Gladiator began the quest for the Orb.
     0 | D:1      | Reached XP level 1. HP: 18/18 MP: 0/0
     3 | D:1      | Noticed an electric eel
     4 | D:1      | Noticed an electric eel
   235 | D:1      | Reached XP level 2. HP: 25/25 MP: 1/1
   390 | D:1      | Reached skill level 4 in Staves
   963 | D:2      | Noticed Jessica
   965 | D:2      | Killed Jessica
   966 | D:2      | Reached XP level 3. HP: 23/30 MP: 2/2
  1187 | D:2      | Found a faded altar of an unknown god.
  1190 | D:2      | Noticed Natasha
  1195 | D:2      | Killed Natasha
  1196 | D:2      | Reached XP level 4. HP: 26/38 MP: 3/3
  1198 | D:2      | Became a worshipper of Zin the Law-Giver
  1198 | D:2      | Reached * piety under Zin
  1335 | D:2      | Noticed Natasha
  1342 | D:2      | Killed Natasha
  1343 | D:2      | Reached skill level 1 in Axes
  1343 | D:2      | Reached skill level 1 in Armour
  1499 | D:2      | Noticed Natasha
  1504 | D:2      | Killed Natasha
  1505 | D:2      | Reached skill level 1 in Evocations
  1683 | D:2      | Reached XP level 5. HP: 42/45 MP: 4/4
  2064 | D:3      | Found Ridupel's Magic Scroll Shop.
  2076 | D:3      | Bought a scroll of identify for 22 gold pieces
  2084 | D:3      | Reached skill level 5 in Staves
  2193 | D:3      | Reached ** piety under Zin
  2601 | D:4      | Noticed an ogre
  2607 | D:4      | Killed an ogre
  2608 | D:4      | Reached skill level 1 in Invocations
  2738 | D:4      | Noticed a black bear
  2742 | D:4      | Killed a black bear
  2743 | D:4      | Reached XP level 6. HP: 51/51 MP: 5/5
  3183 | D:4      | Identified the +0 hat of Lugonu's Benevolence {Rampage
                  | rPois MP+9 Stlth-}
  3526 | D:4      | Reached XP level 7. HP: 53/58 MP: 7/7
  3636 | D:4      | Reached skill level 6 in Staves
  4025 | D:5      | Entered Level 5 of the Dungeon
  4694 | D:6      | Noticed Edmund
  4705 | D:6      | Killed Edmund
  4706 | D:6      | Reached XP level 8. HP: 5/67 MP: 8/8
  4994 | D:6      | Reached skill level 5 in Dodging
  5018 | D:6      | Reached skill level 7 in Staves
  5304 | D:5      | Reached *** piety under Zin
  5874 | D:6      | Reached skill level 5 in Fighting
  6150 | D:6      | Found a staircase to the Ecumenical Temple.
  6533 | D:7      | Found a flagged portal.
  6552 | Bailey   | Entered a bailey
  6554 | Bailey   | Noticed an orc knight
  6566 | Bailey   | Gained mutation: Your system is resistant to poisons.
                  | (rPois) [potion of mutation]
  6566 | Bailey   | Shot with a bolt by an orc warrior

Illustrated notes

Levels and vault maps discovered:
D:1:      arrival_aquarium_b, layout_loops_ring, minmay_tromino_i4
D:2:      layout_basic, ebering_ecumenical_altar_rust,
          minmay_misc_feat_ornament, uniq_natasha, uniq_jessica
D:3:      layout_rooms, serial_shops, shop
D:4:      layout_loops_ring, roderic_filled_cross, grunt_tough_drop
D:5:      layout_basic, hangedman_abyss_or_decor_stabs
D:6:      layout_gridville, minmay_temple_entry_glassed_door,
          kennysheep_small_spiral, uniq_edmund
D:7:      layout_cave_pools, enter_bailey_3, gammafunk_ghost_wrathful_warriors,
          minmay_manual_moon
Bailey:   bailey_polearm_4, bailey

Skill      XL: |  1  2  3  4  5  6  7  8 |
---------------+-------------------------+-----
Staves         | 4 5 6 7 |  7.7
Fighting       | 3 4 5 |  5.2
Axes           | 1 2 3 4 |  4.1
Armour         | 1 2 3 4 |  4.2
Dodging        | 4 5 |  5.4
Evocations     | 1 2 3 |  3.2
Invocations    | 1 2 3 |  3.4
Throwing       | 3 4 |  4.2

Action                   |  1- 3 |  4- 6 |  7- 9 || total
-------------------------+-------+-------+-------++-------
Melee: Quarterstaff      |    34 |    77 |   139 ||   250
       Headbutt          |     5 |    19 |    32 ||    56
Throw: Throwing net      |       |     2 |     3 ||     5
       Dart              |       |       |     7 ||     7
  Use: Scroll            |       |     7 |     2 ||     9
       Potion            |       |       |     2 ||     2
 Stab: Held in net/web   |       |     2 |     1 ||     3
Armor: Leather armour    |    15 |     9 |     2 ||    26
       Plate armour      |       |       |    74 ||    74
Dodge: Dodged            |    33 |    48 |    46 ||   127
